 Dungeon Crawl Stone Soup version 0.19-a0-722-g27ac516 (console) character file.

9 utis the Caller (level 2, -3/19 HPs)
             Began as a Mummy Summoner on June 21, 2016.
             Slain by a worker ant (7 damage)
             ... on level 1 of the Dungeon.
             The game lasted 00:03:51 (821 turns).

utis the Caller (Mummy Summoner)                     Turns: 821, Time: 00:03:52

Health: -3/19      AC:  3    Str: 11    XL:     2   Next: 6%
Magic:  0/5        EV: 11    Int: 14    God:
Gold:   46         SH:  0    Dex: 12    Spells: 2 memorised, 2 levels left

rFire  x . .     SeeInvis .     c - +0 whip
rCold  + . .     Gourm    .     i - +0 leather armour (curse)
rNeg   + + +     Faith    .     (no shield)
rPois  ∞         Spirit   .     (no helmet)
rElec  .         Dismiss  .     (no cloak)
rCorr  .         Reflect  .     (no gloves)
SustAt .         Harm     .     (no boots)
MR     .....                    (no amulet)
Stlth  +.........               (no ring)
                                (no ring)

@: not resistant to hostile enchantments, very unstealthy
A: no food or potions, fire vulnerability, cold resistance 1, negative energy
resistance 3, torment resistance, unbreathing
a: no special abilities


You were on level 1 of the Dungeon.
You were not hungry.

You visited 1 branch of the dungeon, and saw 1 of its levels.

You collected 46 gold pieces.

Inventory:

Hand Weapons
 c - a +0 whip (weapon)
Missiles
 f - 22 arrows
 g - 23 stones (quivered)
Armour
 a - a +0 robe
 i - a cursed +0 leather armour (worn)
Scrolls
 d - 4 scrolls of identify {unknown}
 e - a scroll of teleportation {unknown}
 h - a scroll of remove curse {unknown}
Books
 b - a book of Callings

   Spells                             Type                      Level
   a - Summon Small Mammal            Summoning                    1
   b - Call Imp                       Summoning                    2
   c - Call Canine Familiar           Summoning                    3
   d - Summon Guardian Golem          Hexes/Summoning              3
   e - Summon Lightning Spire         Summoning/Air                4
   f - Summon Ice Beast               Ice/Summoning                4


   Skills:
 - Level 1.5 Dodging
 - Level 1.5 Stealth
 + Level 2.2 Spellcasting
 + Level 3.5 Summonings


You had 2 spell levels left.
You knew the following spells:

 Your Spells              Type           Power        Failure   Level  Hunger
p - Call Imp              Summ           ##......     12%         2    N/A
z - Summon Small Mammal   Summ           ##..         10%         1    N/A

Dungeon Overview and Level Annotations

Branches:
Dungeon (1/15)

Altars:


Innate Abilities, Weirdness & Mutations

You do not eat or drink.
Your flesh is vulnerable to fire.
You are immune to poison.
Your flesh is cold resistant. (rC+)
You are immune to negative energy. (rN+++)
You are immune to unholy pain and torment.
You can survive without breathing.


Message History

Your shadow imp hits the worker ant.
You hit the worker ant.
The worker ant is almost dead.
The worker ant bites you.
* * * LOW HITPOINT WARNING * * *
Your shadow imp misses the worker ant.
The worker ant bites you but does no damage.
You hit the worker ant but do no damage.
The worker ant is almost dead.
Your shadow imp hits the worker ant but does no damage.
The worker ant bites you.
* * * LOW HITPOINT WARNING * * *
You closely miss the worker ant.
The worker ant is almost dead.
Your shadow imp barely misses the worker ant.
The worker ant completely misses you.
You barely miss the worker ant.
The worker ant is almost dead.
The worker ant bites you!
You die...

.........░░.░...░.░░.............
░......░░..░.░.░.░..░░...........
......░.[.░.░.░.░.░...░..........
░........░..░.░.░..░.............
.>......░..░..░..░..░....░░░░....
.......░...░..░..░...░.....░░....
..........░...░...░..........░░░░
..............░...............░░░
...............aM................
....░░.........5[.....░░░.░......
... ░...░.░.........░░ ░........
.. ░...░...░░░░....░░ ░.░...... .
░.......░ ░░....░ ░.░>.....
░..░░░..░░░░░░...░░░.░░░....
░......▓▓▓...░....░░..░░....
░.......▓.....░...░░..░░...÷
░░.................░░..░░....


You could see a worker ant and a friendly shadow imp.

Vanquished Creatures
  A hobgoblin (D:1)
  A kobold (D:1)
  4 rats (D:1)
6 creatures vanquished.

Vanquished Creatures (collateral kills)
  A hobgoblin (D:1)
  4 bats (D:1)
  A kobold (D:1)
6 creatures vanquished.

Grand Total: 12 creatures vanquished

Notes
Turn   | Place    | Note
--------------------------------------------------------------
     0 | D:1      | utis the Mummy Summoner began the quest for the Orb.
     0 | D:1      | Reached XP level 1. HP: 13/13 MP: 3/3
   692 | D:1      | Reached XP level 2. HP: 17/19 MP: 1/5
   750 | D:1      | Learned a level 2 spell: Call Imp
   821 | D:1      | Slain by a worker ant

Vault maps used:
D:1:      minmay_arrival_radiant_lines, kennysheep_decorative_pillar,
          minmay_misc_feat_columns

Action                   || total
-------------------------++-------
Melee: Whip              ||    28
Throw: Stone             ||     3
 Cast: Summon Small Mamm ||    25
       Call Imp          ||     3
Armor: Robe              ||    15
       Leather armour    ||     2
Dodge: Dodged            ||    31
